 Dungeon Crawl Stone Soup version 0.26-a0-694-g74916bafe0 (webtiles) character file.

Game seed: 8615410703326163723

11074 Gildeon the Severer (level 11, 0/94 HPs)
             Began as a Minotaur Fighter on Oct 25, 2020.
             Was the Champion of Okawaru.
             Slain by a skeletal warrior
             ... wielding a +0 mace
             ... led by a skeletal warrior
              (14 damage)
             ... on level 11 of the Dungeon.
             The game lasted 00:26:14 (10531 turns).

Gildeon the Severer (Minotaur Fighter)             Turns: 10531, Time: 00:26:14

Health: 0/94       AC: 13    Str: 30    XL:     11   Next: 44%
Magic:  13/13      EV:  7    Int:  8    God:    Okawaru [******]
Gold:   475        SH: 11    Dex: 10    Spells: 10/10 levels left

rFire    . . .     SeeInvis .   a - +2 war axe (drain)
rCold    . . .     Faith    +   c - +0 kite shield
rNeg     . . .     Spirit   .   H - +0 plate armour
rPois    .         Reflect  .   (helmet restricted)
rElec    .         Harm     .   r - scarf {repulsion}
rCorr    +         Rampage  .   q - +0 pair of gloves "Beolaon" {rCorr}
MR       ++...                  (no boots)
Stlth    ..........             K - amulet of faith
HPRegen  0.25/turn              Q - +6 ring of strength
MPRegen  0.13/turn              G - ring of the Mage {Wiz MR++ Int+3}

@: repel missiles
A: retaliatory headbutt, horns 2
a: Heroism, Finesse, Renounce Religion


You were on level 11 of the Dungeon.
You worshipped Okawaru.
Okawaru was exalted by your worship.
You visited 2 branches of the dungeon, and saw 12 of its levels.

You collected 557 gold pieces.
You spent 82 gold pieces at shops.

Inventory:

Hand Weapons
 a - a +2 war axe of draining (weapon)
 P - a +2 flail of protection
Missiles
 N - 2 throwing nets (quivered)
Armour
 c - a +0 kite shield (worn)
 q - the +0 pair of gloves "Beolaon" (worn) {rCorr}
   (Okawaru gifted it to you on level 9 of the Dungeon)

   It provides partial protection from all sources of acid and corrosion.
 r - a scarf of repulsion (worn)
 H - a +0 plate armour (worn)
Jewellery
 G - the ring of the Mage (right hand) {Wiz MR++ Int+3}
   (You found it on level 8 of the Dungeon)

   [ring of wizardry]

   It improves your spell success rate.
   It affects your intelligence (+3).
   It affects your resistance to hostile enchantments.
 K - an amulet of faith (around neck)
 Q - a +6 ring of strength (left hand)
Wands
 n - a wand of iceblast (8)
 B - a wand of digging (13)
 C - a wand of paralysis (7)
 J - a wand of acid (10)
 L - a wand of random effects (28)
 M - a wand of disintegration (29)
Scrolls
 b - a scroll of acquirement {unknown}
 e - 2 scrolls of fog
 h - 8 scrolls of remove curse
 i - 2 scrolls of random uselessness {unknown}
 k - 2 scrolls of blinking {unknown}
 l - 3 scrolls of magic mapping
 t - 9 scrolls of teleportation
 x - 2 scrolls of enchant weapon {unknown}
 y - 2 scrolls of immolation {unknown}
 A - 4 scrolls of fear
 D - a scroll of noise {unknown}
 E - a scroll of silence
 O - a scroll of enchant armour {unknown}
Potions
 d - a potion of might
 f - a potion of berserk rage {unknown}
 g - a potion of stabbing {unknown}
 j - 2 potions of flight
 m - 3 potions of curing
 o - 6 potions of heal wounds
 p - a potion of ambrosia {unknown}
 s - 2 potions of haste
 u - 2 potions of invisibility
 v - 2 potions of brilliance
 F - 2 potions of mutation {unknown}
 I - a potion of resistance {unknown}


   Skills:
 + Level 8.1 Fighting
 - Level 16.0 Axes
 - Level 5.0 Armour
 - Level 5.0 Dodging
 - Level 5.0 Shields
 - Level 5.0 Invocations
 - Level 5.0 Evocations


You had 10 spell levels left.
You didn't know any spells.
Your spell library contained the following spells:

 Spells                   Type           Power        Failure   Level
 Animate Skeleton         Necr           #.....       99%         1
 Pain                     Necr           #...         99%         1
 Confusing Touch          Hex            #.......     100%        3
 Gell's Gravitas          Tloc           #.........   100%        3
 Vampiric Draining        Necr           #.........   100%        3
 Animate Dead             Necr           #.........   100%        4
 Petrify                  Tmut/Erth      #.......     100%        4
 Agony                    Necr           #.......     100%        5
 Bolt of Magma            Conj/Fire/Erth #.........   100%        5
 Iskenderun's Battlesphe  Conj           #.......     100%        5
 Metabolic Englaciation   Hex/Ice        #.........   100%        5
 Yara's Violent Unravell  Hex/Tmut       #.........   100%        5
 Iron Shot                Conj/Erth      #.........   100%        6
 Orb of Destruction       Conj           #.........   100%        7
 Spellforged Servitor     Conj/Summ      #.........   100%        7


Dungeon Overview and Level Annotations

Branches:
Dungeon (11/15)            Temple (1/1) D:7            Lair (0/6) D:8
    Orc (0/2) D:9

Altars:
Ashenzari
Cheibriados
Dithmenos
Elyvilon
Fedhas
Gozag
Hepliaklqana
Kikubaaqudgha
Makhleb
Nemelex Xobeh
Okawaru
Qazlal
Ru
Sif Muna
Trog
Uskayaw
Vehumet
Wu Jian
Xom
Yredelemnul
Zin
The Shining One
Beogh

Shops:
D:7 *

Portals:
Trove: D:10 (give 7 scrolls of blinking)


Innate Abilities, Weirdness & Mutations

You reflexively headbutt those who attack you in melee.
You have a pair of horns on your head.


Message History

You hit the skeletal warrior but do no damage.
Your headbutt misses the skeletal warrior.
The skeletal warrior is severely damaged.
The skeletal warrior hits you with a +0 mace.
* * * LOW HITPOINT WARNING * * *
Unknown command.
You feel much better.
The skeletal warrior hits you with a +0 mace!
* * * LOW HITPOINT WARNING * * *
You hit the skeletal warrior.
You headbutt the skeletal warrior, but do no damage.
The skeletal warrior is almost destroyed.
The skeletal warrior hits you with a +0 mace.
* * * LOW HITPOINT WARNING * * *
You hit the skeletal warrior but do no damage.
The skeletal warrior is severely damaged.
You completely miss the skeletal warrior.
The skeletal warrior is severely damaged.
The skeletal warrior hits you with a +0 mace!
You die...

#.......#
.......#
......# .....#
....+ .z. #z#
##@# #..# #.##
######.#
#......#
###'######
###........#
.#
##..........#
###.#
##..⌠........#
#.#.#


You could see 2 skeletal warriors.

Vanquished Creatures
  Snorg (D:10)
  A boulder beetle (D:11)
  Harold (D:7)
  Erica (D:10)
  A skeletal warrior (D:11)
  The ghost of brujo666 the Martial Artist, a novice DsCK of Gozag (D:9)
  Pikel (D:5)
  A centaur zombie (D:10)
  Joseph (D:8)
  Maggie (D:10)
  A troll (D:9)
  Sigmund (D:3)
  A wyvern (D:10)
  Menkaure (D:7)
  An acid dragon (D:11)
  4 orc warriors
  4 sky beasts
  The ghost of chipmonk the Fighter, an amateur GnWn (D:3)
  2 ice beasts
  3 phantoms
  A necrophage (D:7)
  6 ogres
  3 centaurs
  A lemure (D:5)
  2 big kobolds
  3 bullfrogs
  A gnoll sergeant (D:9)
  A water moccasin zombie (D:7)
  3 scorpions
  A water moccasin skeleton (D:7)
  6 killer bees (D:10)
  12 wights
  3 howler monkeys
  2 bullfrog zombies (D:5)
  2 jellies
  2 quasits (D:8)
  3 hounds
  8 orc priests
  A centaur skeleton (D:5)
  6 orc wizards
  Terence (D:2)
  4 iguanas
  7 worker ants
  A hound zombie (D:7)
  12 adders
  8 gnolls
  2 shadow imps
  2 white imps
  An ufetubus (D:7)
  3 oozes
  An adder zombie (D:7)
  An adder skeleton (D:10)
  3 worms
  A dart slug (D:4)
  5 leopard geckos
  32 orcs
  7 bats
  A bat zombie (D:7)
  4 giant cockroaches
  10 hobgoblins
  10 jackals
  15 quokkas
  5 ball pythons
  3 frilled lizards
  6 goblins
  18 kobolds
  2 leopard gecko skeletons
  A leopard gecko zombie (D:5)
  A quokka skeleton (D:5)
  9 rats
  2 rat zombies (D:7)
274 creatures vanquished.

Vanquished Creatures (others)
  7 plants
7 creatures vanquished.

Grand Total: 281 creatures vanquished

Notes
Turn   | Place    | Note
-------+----------+-------------------------------------------
     0 | D:1      | Gildeon the Minotaur Fighter began the quest for the Orb.
     0 | D:1      | Reached XP level 1. HP: 19/19 MP: 0/0
    88 | D:1      | Reached skill level 3 in Axes
    96 | D:1      | Reached XP level 2. HP: 26/26 MP: 1/1
   509 | D:1      | Reached skill level 4 in Axes
   702 | D:2      | Reached XP level 3. HP: 31/31 MP: 2/2
   728 | D:2      | Noticed Terence
   735 | D:2      | Killed Terence
   735 | D:2      | Reached skill level 5 in Axes
   754 | D:2      | Reached XP level 4. HP: 35/39 MP: 3/3
  1635 | D:3      | Reached skill level 6 in Axes
  2037 | D:3      | Noticed Sigmund
  2040 | D:3      | Reached XP level 5. HP: 45/45 MP: 4/4
  2066 | D:3      | Killed Sigmund
  2066 | D:3      | Reached skill level 7 in Axes
  2066 | D:3      | Reached XP level 6. HP: 20/51 MP: 5/5
  2280 | D:3      | Reached skill level 8 in Axes
  2352 | D:3      | You fall into a shaft and drop 1 floor!
  2436 | D:3      | Found a runed translucent door.
  2441 | D:3      | Noticed chipmonk's ghost (amateur GnWn)
  2627 | D:3      | Killed chipmonk's ghost
  2847 | D:4      | Reached skill level 9 in Axes
  3040 | D:4      | Got a crystal dagger
  3041 | D:4      | Identified the +1 dagger of the Leaping Traitor {venom,
                  | *Rage Fragile rF++ Dex+8} (You found it on level 4 of the
                  | Dungeon)
  3049 | D:4      | Found an iron altar of Okawaru.
  3068 | D:4      | Became a worshipper of Warmaster Okawaru
  3073 | D:4      | Reached XP level 7. HP: 52/57 MP: 6/6
  3430 | D:4      | Reached skill level 10 in Axes
  3669 | D:5      | Entered Level 5 of the Dungeon
  3696 | D:5      | Reached * piety under Okawaru
  3702 | D:5      | Noticed Pikel
  3713 | D:5      | Killed Pikel
  3713 | D:5      | Reached ** piety under Okawaru
  3713 | D:5      | Reached skill level 11 in Axes
  3713 | D:5      | Reached XP level 8. HP: 41/64 MP: 7/7
  3896 | D:5      | Reached skill level 12 in Axes
  4877 | D:6      | Reached skill level 13 in Axes
  4955 | D:6      | Reached *** piety under Okawaru
  5059 | D:6      | Reached XP level 9. HP: 41/70 MP: 8/8
  5488 | D:7      | Reached skill level 14 in Axes
  5595 | D:7      | Noticed Harold
  5622 | D:7      | Killed Harold
  5622 | D:7      | Reached **** piety under Okawaru
  5622 | D:7      | Received a gift from Okawaru
  5622 | D:7      | Reached skill level 15 in Axes
  5827 | D:7      | Noticed Menkaure
  5842 | D:7      | Killed Menkaure
  5847 | D:7      | Found a staircase to the Ecumenical Temple.
  5861 | Temple   | Entered the Ecumenical Temple
  6551 | D:7      | Found Oliceumn's General Store.
  6559 | D:7      | Bought a scroll of silence for 82 gold pieces
  6635 | D:7      | Found an ancient bone altar of Kikubaaqudgha.
  6897 | D:8      | Reached ***** piety under Okawaru
  6971 | D:8      | Found the ring of the Mage {Wiz MR++ Int+3}
  7082 | D:8      | Noticed Joseph
  7092 | D:8      | Killed Joseph
  7092 | D:8      | Reached skill level 16 in Axes
  7092 | D:8      | Reached skill level 1 in Dodging
  7092 | D:8      | Reached XP level 10. HP: 45/78 MP: 9/9
  7469 | D:8      | Found a staircase to the Lair.
  7472 | D:8      | Found a broken altar of Ashenzari.
  7475 | D:8      | Found a shimmering altar of Xom.
  7479 | D:8      | Found a glowing silver altar of Zin.
  7483 | D:8      | Found a blossoming altar of Fedhas.
  7638 | D:9      | Found a staircase to the Orcish Mines.
  7833 | D:9      | Found a runed translucent door.
  7833 | D:9      | Noticed brujo666's ghost (novice DsCK)
  7857 | D:9      | Killed brujo666's ghost
  7857 | D:9      | Received a gift from Okawaru
  7857 | D:9      | Reached skill level 5 in Fighting
  7857 | D:9      | Reached skill level 5 in Armour
  7862 | D:9      | Got a pair of faintly humming gloves {god gift}
  7868 | D:9      | Identified the +0 pair of gloves "Beolaon" {rCorr} (Okawaru
                  | gifted it to you on level 9 of the Dungeon)
  8074 | D:9      | Found an opulent altar of Gozag.
  8074 | D:9      | Found a bloodstained altar of Trog.
  8082 | D:9      | Found an ornate altar of the Wu Jian Council.
  8082 | D:9      | Found a basalt altar of Yredelemnul.
  8103 | D:9      | Reached skill level 1 in Evocations
  8630 | D:10     | Entered Level 10 of the Dungeon
  8635 | D:10     | Reached skill level 5 in Shields
  8955 | D:10     | Found a portal to a secret trove of treasure.
  9032 | D:10     | Reached skill level 5 in Dodging
  9032 | D:10     | Reached skill level 1 in Invocations
  9104 | D:10     | Noticed Snorg
  9119 | D:10     | Killed Snorg
  9323 | D:10     | Noticed Erica
  9329 | D:10     | Noticed Maggie
  9339 | D:10     | Killed Erica
  9339 | D:10     | Reached XP level 11. HP: 46/89 MP: 12/12
  9345 | D:10     | Killed Maggie
  9852 | D:10     | Found a runed translucent door.
  9910 | D:10     | Found a roughly hewn altar of Beogh.
 10250 | D:11     | Noticed a boulder beetle
 10266 | D:11     | Reached ****** piety under Okawaru
 10271 | D:11     | Killed a boulder beetle
 10271 | D:11     | Received a gift from Okawaru
 10271 | D:11     | Reached skill level 5 in Evocations
 10493 | D:11     | Noticed a skeletal warrior
 10493 | D:11     | Noticed a skeletal warrior
 10493 | D:11     | Noticed a skeletal warrior
 10513 | D:11     | Killed a skeletal warrior
 10513 | D:11     | Reached skill level 5 in Invocations
 10525 | D:11     | HP: 4/94 [skeletal warrior/+0 mace[a skeletal warrior] (9)]
 10531 | D:11     | Slain by a skeletal warrior

Illustrated notes

Levels and vault maps discovered:
D:1:      dpeg_arrival_fog, layout_loops_ring
D:2:      minmay_inner_zag, layout_basic, chequers_jeans, uniq_terence
D:3:      layout_loops_ring, ebering_ghost_reflecting_pool, corexii_shack,
          kennysheep_minor_cross, minmay_ruptured, uniq_sigmund
D:4:      cheibrodos_old_hovel, layout_rooms, serial_bayou_pond_a,
          okawaru_trees_2
D:5:      layout_gridville, minmay_liquid_box, saegor_snake_ambush, uniq_pikel
D:6:      layout_cave_pools
D:7:      layout_loops_cross, lemuel_zombie_altar_kikubaaqudgha,
          minmay_temple_entry_junction_2, serial_shops, shop,
          nrook_pool_corridor, uniq_harold, uniq_menkaure
D:8:      layout_rooms, minitemple, lair_entry_dummy, corner_web_ring,
          minmay_unpleasant_kobolds, uniq_joseph
D:9:      layout_loops_ring, chequers_temple_overflow_statue_of_worship,
          orc_0_dummy, ebering_ghost_reflecting_pool, minmay_misc_feat_pillars
D:10:     layout_cave_pools, nicolae_trove_entry_crossroad,
          lightli_church_of_beogh, uniq_maggie, uniq_snorg, uniq_erica
D:11:     layout_roguey, grunt_ministairs_9, kennysheep_generic_room_14
Temple:   minmay_temple_forest_path

Skill      XL: |  1  2  3  4  5  6  7  8  9 10 11 |
---------------+----------------------------------+-----
Axes           | 3 4 5 6 7 9 11 13 16 | 16.0
Fighting       | 4 6 8 |  8.1
Armour         | 4 5 |  5.0
Dodging        | 1 5 |  5.0
Shields        | 5 |  5.0
Evocations     | 4 5 |  5.0
Invocations    | 3 5 |  5.0

Action                   |  1- 3 |  4- 6 |  7- 9 | 10-12 || total
-------------------------+-------+-------+-------+-------++-------
Melee: War axe           |    62 |   126 |   283 |   317 ||   788
       Headbutt          |     6 |    21 |    40 |    57 ||   124
Throw: Throwing net      |       |       |       |     3 ||     3
  Use: Scroll            |       |       |     6 |     7 ||    13
       Potion            |       |       |       |     1 ||     1
Armor: Scale mail        |    31 |    42 |     8 |       ||    81
       Chain mail        |       |       |   109 |       ||   109
       Plate armour      |       |       |     3 |   110 ||   113
Dodge: Dodged            |    26 |    34 |    45 |    74 ||   179
       Repelled          |       |     2 |       |     1 ||     3
Block: Kite shield       |    36 |    70 |   118 |   138 ||   362

Table legend: (Time is in decaauts)
 A = Elapsed time spent in this place.
 B = Non-inter-level travel time spent in this place.
 C = Inter-level travel time spent in this place.
 D = Time resting spent in this place.
 E = Time spent auto-exploring this place.
 F = Levels seen in this place.
 G = Mean time per level.
                   A        B        C        D        E       F      G
               +--------+--------+--------+--------+--------+-----+--------+
         Total |  10530 |  10024 |    506 |    723 |   7338 |  12 |  877.5 |
       Dungeon |  10052 |   9568 |    484 |    723 |   6882 |  11 |  913.8 |
        Temple |    478 |    456 |     22 |      0 |    456 |   1 |  478.0 |
               +--------+--------+--------+--------+--------+-----+--------+

Top non-repeatable levels by time:
    D:10: 1437 daAuts
     D:3: 1321 daAuts
     D:5: 1049 daAuts
     D:9: 988 daAuts
     D:7: 903 daAuts
     D:4: 852 daAuts
     D:2: 845 daAuts
     D:6: 764 daAuts
     D:8: 757 daAuts
     D:1: 712 daAuts
  Temple: 478 daAuts
    D:11: 420 daAuts
